 Dungeon Crawl Stone Soup version 0.31-a0-819-gf6de2f5ab6 (webtiles) character file.

Game seed: 17732167586675029217

44 qw the Shooter (level 3, -1/22 HPs)
             Began as a Gargoyle Hunter on Sept 23, 2023.
             Slain by Sigmund
             ... wielding a +0 scythe
              (6 damage)
             ... on level 2 of the Dungeon.
             The game lasted 00:00:27 (1208 turns).

qw the Shooter (Gargoyle Hunter)                    Turns: 1208, Time: 00:00:28

Health: -1/22      AC:  6    Str: 14    XL:     3   Next: 62%
Magic:  3/3        EV: 11    Int:  9    God:
Gold:   117        SH:  0    Dex: 15    Spells: 2/2 levels left

rFire   . . .        Y - +1 shortbow
rCold   . . .        (shield currently unavailable)
rNeg    + . .        c - +0 leather armour
rPois   inf          (no helmet)
rElec   +            (no cloak)
rCorr   .            (no gloves)
SInv    .            (no boots)
Will    .....        o - amulet of regeneration
Stlth   ++           (no ring)
HPRegen 1.03/turn    (no ring)
MPRegen 0.08/turn

%: no passive effects
@: no status effects
A: sickness immunity, AC +3, negative energy resistance 1, electricity
resistance, torment resistance 1, petrification resistance
a: no special abilities


You were on level 2 of the Dungeon.
You visited 1 branch of the dungeon, and saw 2 of its levels.

You collected 117 gold pieces.


Innate Abilities, Weirdness & Mutations

You are immune to sickness and miasma.
Your stone body is resilient. (AC +3)
You are immune to poison.
You resist negative energy. (rN+)
You are resistant to electric shocks. (rElec)
You are resistant to unholy torment.
You are immune to petrification.


   Skills:
 + Level 2.8 Fighting
 - Level 5.0 Ranged Weapons
 - Level 1.5 Dodging
 - Level 1.1 Stealth


You had 2 spell levels left.
You didn't know any spells.
Your spell library was empty.

Inventory:

Hand Weapons
 Y - a +1 shortbow (weapon)
Armour
 c - a +0 leather armour (worn)
Jewellery
 o - an amulet of regeneration (around neck)
Scrolls
 a - 2 scrolls of teleportation
 b - a scroll of revelation {unknown}
Potions
 d - a potion of might {unknown}
 e - a potion of curing {unknown}
 f - a potion of magic {unknown}
 i - a potion of haste
 j - a potion of enlightenment {unknown}
 l - a potion of lignification {unknown}
 m - a potion of heal wounds {unknown}

Dungeon Overview and Level Annotations

Branches:
Dungeon (2/15)

Altars:

Shops:
D:2 :

Annotations:
D:2 Sigmund


Message History

Found a stone staircase leading down.
You shoot an arrow.
The arrow barely misses the giant cockroach.
Sigmund shouts!
The giant cockroach bites you but does no damage.
You shoot an arrow. The arrow hits the giant cockroach!
You kill the giant cockroach!
You shoot an arrow. The arrow hits Sigmund.
Sigmund is lightly wounded.
You shoot an arrow. The arrow hits Sigmund.
Sigmund is moderately wounded.
You shoot an arrow. The arrow barely misses Sigmund.
You shoot an arrow. The arrow hits Sigmund.
Sigmund is heavily wounded.
Sigmund says, "You will soon forget everything."
Sigmund closely misses you.
You shoot an arrow. The arrow closely misses Sigmund.
Sigmund closely misses you.
You shoot an arrow. The arrow hits Sigmund.
Sigmund is severely wounded.
You shoot an arrow. The arrow hits Sigmund.
Sigmund is almost dead.
Sigmund points at you and mumbles some strange words.
You are confused.
Sigmund barely misses you. Sigmund barely misses you.
Sigmund gestures at you while chanting. The puff of flame hits you!
Sigmund closely misses you. Sigmund gestures at you while chanting.
The puff of flame hits you.
You feel less confused.
Sigmund mumbles some strange words.
Sigmund flickers and vanishes!
Deactivating autopickup; reactivate with Ctrl-A.
You shoot an arrow. Something hits you!
You shoot an arrow. Something hits you.
You die...

#.. #..##....## #. ...
..##..##..# .. ##
.##..##[#.. ..
..##..##..# ##.
#..##....## .>
#..##..##. ######.
#..##.... .......####
#..##..# .......@..#
#.%.%##
.....{###.#########..##.
..... +...........##..#.
.(.. #...%###### ##...
... #.........#.# ####
.. #.....###.#.# # .
#.....# #.#.# # #.....#
#.#.# # #.....# #.#.# #


There were no monsters in sight!

Vanquished Creatures
  2 adders (D:2)
  A worm (D:2)
  A dart slug (D:2)
  4 ball pythons
  2 endoplasms
  A giant cockroach (D:2)
  A goblin (D:2)
  2 kobolds (D:1)
  A quokka (D:1)
  2 bats (D:1)
  3 frilled lizards
  4 rats
24 creatures vanquished.

Notes
Turn   | Place    | Note
-------+----------+-------------------------------------------
     0 | D:1      | qw the Gargoyle Hunter began the quest for the Orb.
     0 | D:1      | Reached XP level 1. HP: 12/12 MP: 1/1
     0 | D:1      | 0 ||| qw: Version: 0.3-a-83-gcd0e7d8
     0 | D:1      | 0 ||| qw: Game counter: 1698
     0 | D:1      | 0 ||| qw: Melee chars always use a shield: true
     0 | D:1      | 0 ||| qw: God list: Okawaru
     0 | D:1      | 0 ||| qw: Allow faded altars: false
     0 | D:1      | 0 ||| qw: Do Orc after clearing Dungeon:15 true
     0 | D:1      | 0 ||| qw: Do second Lair branch before Depths: true
     0 | D:1      | 0 ||| qw: Lair rune preference: random
     0 | D:1      | 0 ||| qw: Goals: Normal
     0 | D:1      | 0 ||| PLANNING D:1-11
   216 | D:1      | Reached XP level 2. HP: 17/17 MP: 2/2
   758 | D:1      | 758 ||| UPGRADING to amulet of regeneration.
   763 | D:1      | 763 ||| READING 3 scrolls labelled UTORUA JOPSIKA.
   767 | D:1      | 767 ||| READING scroll labelled SAODOE ONOBOM.
   768 | D:1      | 768 ||| READING scroll labelled KUMU VASTREM.
   771 | D:1      | 771 ||| READING scroll labelled WOITOA ZACUENE.
   772 | D:1      | 772 ||| DRINKING 2 bubbling orange potions.
   773 | D:1      | 773 ||| DROPPING scroll of butterflies.
   834 | D:2      | Reached XP level 3. HP: 20/21 MP: 3/3
   840 | D:2      | Reached skill level 5 in Ranged Weapons
   908 | D:2      | Found Nipi Josy's Book Shop.
  1190 | D:2      | Noticed Sigmund
  1207 | D:2      | HP: 4/22 [something (9)]
  1208 | D:2      | Slain by Sigmund

Levels and vault maps discovered:
D:1:      lemuel_arrival_hallway, layout_loops_ring, kennysheep_doodads,
          minmay_octomino_j4
D:2:      minmay_alternating_diamond, layout_basic, serial_shops,
          nicolae_square_shop, basic_altar, uniq_sigmund,
          uniq_crazy_yiuf_cottage

Skill      XL: |  1  2  3 |
---------------+----------+-----
Ranged Weapons | 5 |  5.0
Fighting       | |  2.8
Dodging        | |  1.5
Stealth        | |  1.1

Action                     || total
---------------------------++-------
   Fire: Shortbow          ||   105
    Use: Scroll            ||     4
         Potion            ||     1
 Armour: Leather armour    ||    37
  Dodge: Dodged            ||    35

Table legend:
 A = Non-vault XP
 B = Vault XP
 C = Vault XP percentage of total XP
 D = Non-vault monster count
 E = Vault monster count
 F = Vault count percentage of total count
                 A         B        C        D         E       F
            +---------+---------+-------+---------+---------+-------
      Total |      42 |      22 |  34.4 |      19 |       5 |  20.8
            +---------+---------+-------+---------+---------+-------
        D:1 |      17 |       2 |  10.5 |      12 |       1 |   7.7
        D:2 |      25 |      20 |  44.4 |       7 |       4 |  36.4
            +---------+---------+-------+---------+---------+-------
